TOP OF THE 1ST |
Mancelona Torch batting - Pitching for Columbia River Rats : LHP Raúl Díaz
|
Pitching: LHP Raúl Díaz
|
|
Batting: RHB Tristan Powell
|
0-0: Called Strike 0-1: Ball 1-1: Ground out 6-3 (Groundball, 6, EV 81.2 MPH)
|
Batting: RHB Thinley Tshering
|
0-0: Ball 1-0: Called Strike 1-1: Foul Ball, location: 2F 1-2: Ball 2-2: SINGLE (Line Drive, 8LS, EV 105.6 MPH)
|
Batting: RHB Cam Lumsden
|
0-0: Called Strike 0-1: Fly out, F3 (Line Drive, 3, EV 72.5 MPH)
|
Batting: LHB Diego Alejandro Ureña
|
0-0: Ball 1-0: Fly out, F6 (Popup, 6M, EV 70.0 MPH)
|
Top of the 1st over - 0 runs, 1 hit, 0 errors, 1 left on base; Mancelona 0 - Columbia 0 |
BOTTOM OF THE 1ST |
Columbia River Rats batting - Pitching for Mancelona Torch : RHP Yong-oon Cho
|
Pitching: RHP Yong-oon Cho
|
|
Batting: RHB William Penn
|
0-0: Ball 1-0: Fly out, F8 (Line Drive, 8LD, EV 91.2 MPH)
|
Batting: LHB Ji-e Loh
|
0-0: Ball 1-0: Fly out, F4 (Popup, 23, EV 96.2 MPH)
|
Batting: SHB Dean Barthorpe
|
0-0: Called Strike 0-1: Ball 1-1: Fly out, F6 (Popup, 6M, EV 69.4 MPH)
|
Bottom of the 1st over - 0 runs, 0 hits, 0 errors, 0 left on base; Mancelona 0 - Columbia 0 |
TOP OF THE 2ND |
Mancelona Torch batting - Pitching for Columbia River Rats : LHP Raúl Díaz
|
Batting: SHB Silvio Capitanio
|
0-0: Called Strike 0-1: Called Strike 0-2: Foul Ball, location: 2F 0-2: Ball 1-2: Ball 2-2: Foul Ball, location: 2F 2-2: Strikes out swinging
|
Batting: RHB Juan Barrón
|
0-0: Called Strike 0-1: SINGLE (Line Drive, 8RS, EV 110.6 MPH)
|
Batting: RHB Brooks Crummey
|
0-0: Ball 1-0: Called Strike 1-1: Ball 2-1: Ball 3-1: SINGLE (Line Drive, 78S, EV 88.8 MPH) Juan Barrón to second
|
Batting: SHB César Enríques
|
0-0: Called Strike 0-1: Ball 1-1: Called Strike 1-2: Fly out, F9 (Flyball, 9, EV 90.6 MPH)
|
Batting: LHB Jared Schneider
|
0-0: Foul Ball, location: 2F 0-1: Ball 1-1: Foul Ball, location: 2F 1-2: Ball 2-2: Strikes out swinging
|
Top of the 2nd over - 0 runs, 2 hits, 0 errors, 2 left on base; Mancelona 0 - Columbia 0 |
BOTTOM OF THE 2ND |
Columbia River Rats batting - Pitching for Mancelona Torch : RHP Yong-oon Cho
|
Batting: RHB Tony Castellanos
|
0-0: Foul Ball, location: 2F 0-1: SINGLE (Groundball, 13, EV 67.5 MPH) (infield hit)
|
Batting: RHB Cédric Causse
|
0-0: Ball 1-0: Foul Ball, location: 2F 1-1: Ball 2-1: Fly out, F8 (Flyball, 8LM, EV 97.5 MPH)
|
Batting: RHB Pu-feng Zhou
|
0-0: Called Strike 0-1: Ball Tony Castellanos steals 2nd base 1-1: Foul Ball, location: 2F 1-2: Ball 2-2: Foul Ball, location: 2F 2-2: Strikes out swinging
|
Batting: LHB John Mayer
|
0-0: Ball 1-0: Ball 2-0: Ball 3-0: Base on Balls
|
Batting: LHB Seb Considine
|
0-0: Ball 1-0: Ball 2-0: Foul Ball, location: 2F 2-1: Ball 3-1: Called Strike 3-2: SINGLE (Flyball, 9LS, EV 82.5 MPH) Tony Castellanos to third John Mayer to second Tony Castellanos scores John Mayer to third
|
Batting: RHB Ryan Guengerich
|
0-0: Called Strike 0-1: Ball 1-1: Ball 2-1: Swinging Strike 2-2: Ball 3-2: Base on Balls Seb Considine to second
|
Batting: RHB William Penn
|
0-0: Foul Ball, location: 2F 0-1: Ball 1-1: DOUBLE (Line Drive, 7LS, EV 105.6 MPH) John Mayer scores Seb Considine scores Ryan Guengerich to third Runner from 3rd tries for Home, SAFE, throw by LF to trailing runner, SAFE at third!
|
Batting: LHB Ji-e Loh
|
0-0: Foul Ball, location: 2F 0-1: Ground out 4-3 (Groundball, 4, EV 86.2 MPH)
|
Bottom of the 2nd over - 4 runs, 3 hits, 0 errors, 1 left on base; Mancelona 0 - Columbia 4 |
TOP OF THE 3RD |
Mancelona Torch batting - Pitching for Columbia River Rats : LHP Raúl Díaz
|
Batting: RHB Tristan Powell
|
0-0: SINGLE (Groundball, 3S, EV 70.6 MPH) (infield hit)
|
Batting: RHB Thinley Tshering
|
0-0: Called Strike 0-1: Foul Ball, location: 2F 0-2: SINGLE (Line Drive, 56, EV 101.9 MPH) Tristan Powell to second
|
Batting: RHB Cam Lumsden
|
0-0: Fly out, F8 (Flyball, 8LS, EV 93.8 MPH)
|
Batting: LHB Diego Alejandro Ureña
|
0-0: Ball 1-0: Ball 2-0: Called Strike 2-1: Ball 3-1: Swinging Strike 3-2: Foul Ball, location: 2F 3-2: DOUBLE (Flyball, 8RXD, EV 94.4 MPH) Tristan Powell scores Thinley Tshering to third
|
Batting: SHB Silvio Capitanio
|
0-0: Called Strike 0-1: Foul Ball, location: 2F 0-2: Ball 1-2: Fly out, F8 (Flyball, 78D, EV 102.5 MPH) Runner from 3rd tags up, SCORES, throw by CF Diego Alejandro Ureña to third
|
Batting: RHB Juan Barrón
|
0-0: Ball 1-0: Called Strike 1-1: Ball 2-1: Swinging Strike 2-2: Strikes out swinging
|
Top of the 3rd over - 2 runs, 3 hits, 0 errors, 1 left on base; Mancelona 2 - Columbia 4 |
BOTTOM OF THE 3RD |
Columbia River Rats batting - Pitching for Mancelona Torch : RHP Yong-oon Cho
|
Batting: SHB Dean Barthorpe
|
0-0: Fly out, F7 (Flyball, 7LSF, EV 81.9 MPH)
|
Batting: RHB Tony Castellanos
|
0-0: Ball 1-0: Ball 2-0: Ball 3-0: Base on Balls
|
Batting: RHB Cédric Causse
|
0-0: Ball 1-0: Called Strike 1-1: Ball Tony Castellanos steals 2nd base 2-1: Fly out, F8 (Flyball, 8LM, EV 90.6 MPH)
|
Batting: RHB Pu-feng Zhou
|
0-0: Called Strike 0-1: Ball 1-1: SINGLE (Line Drive, 9S, EV 94.4 MPH) Tony Castellanos to third Runner from 3rd tries for Home, SAFE, throw by RF to home
|
Batting: LHB John Mayer
|
0-0: Foul Ball, location: 2F 0-1: Ball 1-1: Foul Ball, location: 2F 1-2: Foul Ball, location: 2F 1-2: Fielders Choice at 2nd, 6-4 (Groundball, 6, EV 89.4 MPH)
|
Bottom of the 3rd over - 1 run, 1 hit, 0 errors, 1 left on base; Mancelona 2 - Columbia 5 |
TOP OF THE 4TH |
Mancelona Torch batting - Pitching for Columbia River Rats : LHP Raúl Díaz
|
Batting: RHB Brooks Crummey
|
0-0: Called Strike 0-1: Ball 1-1: Fly out, F8 (Flyball, 89D, EV 98.8 MPH)
|
Batting: SHB César Enríques
|
0-0: Swinging Strike 0-1: Ball 1-1: SINGLE (Groundball, 56D, EV 108.8 MPH)
|
Batting: LHB Jared Schneider
|
0-0: Ball 1-0: SINGLE (Line Drive, 8RS, EV 92.5 MPH) César Enríques to second Runner from 2nd tries for 3rd, SAFE, no throw by CF
|
Batting: RHB Tristan Powell
|
0-0: Ball 1-0: Swinging Strike 1-1: Foul Ball, location: 2F 1-2: Foul Ball, location: 2F 1-2: Foul Ball, location: 2F 1-2: Ball 2-2: Fly out, F9 (Line Drive, 9, EV 96.2 MPH) Runner from 3rd tags up, SCORES, throw by RF
|
Batting: RHB Thinley Tshering
|
0-0: Called Strike 0-1: Foul Ball, location: 2F 0-2: Ball 1-2: Ball 2-2: Foul Ball, location: 2F 2-2: DOUBLE (Line Drive, 78XD, EV 102.5 MPH) Jared Schneider to third Runner from 3rd tries for Home, SAFE, throw by CF to home
|
Batting: RHB Cam Lumsden
|
0-0: Called Strike 0-1: Ball 1-1: Fly out, F7 (Flyball, 78S, EV 88.8 MPH)
|
Top of the 4th over - 2 runs, 3 hits, 0 errors, 1 left on base; Mancelona 4 - Columbia 5 |
BOTTOM OF THE 4TH |
Columbia River Rats batting - Pitching for Mancelona Torch : RHP Yong-oon Cho
|
Batting: LHB Seb Considine
|
0-0: SINGLE (Line Drive, 8RS, EV 111.2 MPH)
|
Batting: RHB Ryan Guengerich
|
0-0: SINGLE (Line Drive, 4M, EV 96.9 MPH) Seb Considine to second Runner from 2nd tries for 3rd, SAFE, no throw by CF
|
Batting: RHB William Penn
|
0-0: Ball 1-0: Called Strike 1-1: Foul Ball, location: 2F 1-2: Ball 2-2: Fly out, F9 (Flyball, 9LM, EV 91.2 MPH)
|
Batting: LHB Ji-e Loh
|
0-0: Ground out 5-3 (Groundball, 56S, EV 68.8 MPH) Seb Considine scores Ryan Guengerich to second
|
Batting: SHB Dean Barthorpe
|
0-0: Swinging Strike 0-1: Swinging Strike 0-2: Ball 1-2: Ball 2-2: Foul Ball, location: 2F 2-2: Strikes out swinging
|
Bottom of the 4th over - 1 run, 2 hits, 0 errors, 1 left on base; Mancelona 4 - Columbia 6 |
TOP OF THE 5TH |
Mancelona Torch batting - Pitching for Columbia River Rats : LHP Raúl Díaz
|
Batting: LHB Diego Alejandro Ureña
|
0-0: Ball 1-0: Foul Ball, location: 2F 1-1: Ball 2-1: Ball 3-1: Swinging Strike 3-2: Strikes out looking
|
Batting: SHB Silvio Capitanio
|
0-0: Ball 1-0: Fly out, F9 (Flyball, 9LM, EV 90.0 MPH)
|
Batting: RHB Juan Barrón
|
0-0: Ball 1-0: Called Strike 1-1: Fly out, F4 (Popup, 34, EV 78.1 MPH)
|
Top of the 5th over - 0 runs, 0 hits, 0 errors, 0 left on base; Mancelona 4 - Columbia 6 |
BOTTOM OF THE 5TH |
Columbia River Rats batting - Pitching for Mancelona Torch : RHP Yong-oon Cho
|
Pitching: RHP George Kipcak
|
|
Batting: RHB Tony Castellanos
|
0-0: Called Strike 0-1: Called Strike 0-2: Foul Ball, location: 2F 0-2: Ball 1-2: Strikes out swinging
|
Batting: RHB Cédric Causse
|
0-0: Ball 1-0: Ground out 5-3 (Groundball, 5, EV 84.4 MPH)
|
Batting: RHB Pu-feng Zhou
|
0-0: Called Strike 0-1: Foul Ball, location: 2F 0-2: Ball 1-2: Strikes out swinging passed ball, reaches first!
|
Batting: LHB John Mayer
|
0-0: Ball 1-0: Called Strike 1-1: Foul Ball, location: 2F 1-2: Ball 2-2: Strikes out looking
|
Bottom of the 5th over - 0 runs, 0 hits, 0 errors, 1 left on base; Mancelona 4 - Columbia 6 |
TOP OF THE 6TH |
Mancelona Torch batting - Pitching for Columbia River Rats : LHP Raúl Díaz
|
Batting: RHB Brooks Crummey
|
0-0: Foul Ball, location: 2F 0-1: Fly out, F8 (Flyball, 8RS, EV 93.1 MPH)
|
Batting: SHB César Enríques
|
0-0: Ball 1-0: Swinging Strike 1-1: Foul Ball, location: 2F 1-2: Foul Ball, location: 2F 1-2: Ball 2-2: Ball 3-2: SINGLE (Line Drive, 4D, EV 97.5 MPH)
|
Pitching: RHP Micheal Smith
|
|
Batting: LHB Jared Schneider
|
0-0: SINGLE (Groundball, 34D, EV 101.2 MPH) - runner OUT being hit by batted ball. (infield hit)
|
Batting: RHB Tristan Powell
|
0-0: Ball 1-0: Ball 2-0: Ball 3-0: Called Strike 3-1: Base on Balls Jared Schneider to second
|
Batting: RHB Thinley Tshering
|
0-0: Ball 1-0: Single, Error in OF, E8, batter to second base (Groundball, 6MD, EV 105.0 MPH) Jared Schneider scores Tristan Powell to third
|
Batting: RHB Cam Lumsden
|
0-0: Called Strike 0-1: Ball 1-1: Ball 2-1: Fly out, F9 (Flyball, 9D, EV 98.1 MPH)
|
Top of the 6th over - 1 run, 3 hits, 1 error, 2 left on base; Mancelona 5 - Columbia 6 |
BOTTOM OF THE 6TH |
Columbia River Rats batting - Pitching for Mancelona Torch : RHP George Kipcak
|
Batting: LHB Seb Considine
|
0-0: DOUBLE (Groundball, 3L, EV 94.4 MPH)
|
Batting: RHB Ryan Guengerich
|
0-0: Ground out 6-3 (Groundball, 6, EV 80.6 MPH)
|
Batting: RHB William Penn
|
0-0: Ball 1-0: Ball 2-0: SINGLE (Groundball, 4D, EV 95.0 MPH) Seb Considine to third Runner from 3rd tries for Home, SAFE, throw by CF to home
|
Batting: LHB Ji-e Loh
|
0-0: Called Strike 0-1: Called Strike 0-2: Fly out, F8 (Flyball, 8LM, EV 91.9 MPH)
|
Batting: SHB Dean Barthorpe
|
0-0: SINGLE (Groundball, 6MD, EV 98.1 MPH) William Penn to second
|
Batting: RHB Tony Castellanos
|
0-0: Called Strike 0-1: Ball 1-1: Foul Ball, location: 2F 1-2: Strikes out swinging
|
Bottom of the 6th over - 1 run, 3 hits, 0 errors, 2 left on base; Mancelona 5 - Columbia 7 |
TOP OF THE 7TH |
Mancelona Torch batting - Pitching for Columbia River Rats : RHP Micheal Smith
|
Batting: LHB Diego Alejandro Ureña
|
0-0: Foul Ball, location: 2F 0-1: Ball 1-1: Ball 2-1: Ground out 4-3 (Groundball, 4, EV 106.2 MPH)
|
Batting: SHB Silvio Capitanio
|
0-0: Ball 1-0: SINGLE (Groundball, 34D, EV 100.0 MPH)
|
Batting: RHB Juan Barrón
|
0-0: Ground out 4-3 (Groundball, 34, EV 105.0 MPH) Silvio Capitanio to second
|
Batting: RHB Brooks Crummey
|
0-0: Called Strike 0-1: Swinging Strike 0-2: Ball 1-2: Foul Ball, location: 2F 1-2: Foul Ball, location: 2F 1-2: Strikes out looking
|
Top of the 7th over - 0 runs, 1 hit, 0 errors, 1 left on base; Mancelona 5 - Columbia 7 |
BOTTOM OF THE 7TH |
Columbia River Rats batting - Pitching for Mancelona Torch : RHP George Kipcak
|
Batting: RHB Cédric Causse
|
0-0: Ball 1-0: Foul Ball, location: 2F 1-1: Foul Ball, location: 2F 1-2: SINGLE (Groundball, 34D, EV 101.9 MPH)
|
Batting: RHB Pu-feng Zhou
|
0-0: Fly out, F8 (Flyball, 8LM, EV 78.8 MPH)
|
Batting: LHB John Mayer
|
0-0: Ball 1-0: Ball 2-0: Ball 3-0: Base on Balls Cédric Causse to second
|
Pitching: LHP Zedekiah Brenneman
|
|
Batting: LHB Seb Considine
|
0-0: Called Strike 0-1: Ball 1-1: Ball 2-1: DOUBLE (Line Drive, 9LD, EV 102.5 MPH) Cédric Causse scores John Mayer to third
|
Batting: RHB Ryan Guengerich
|
0-0: Called Strike 0-1: Swinging Strike 0-2: Foul Ball, location: 2F 0-2: Ball 1-2: Ball 2-2: Ground out 1-3 (Groundball, 34S, EV 76.2 MPH)
|
Batting: RHB William Penn
|
0-0: DOUBLE (Line Drive, 89D, EV 111.2 MPH) John Mayer scores Seb Considine scores
|
Batting: LHB Ji-e Loh
|
0-0: Called Strike 0-1: Called Strike 0-2: Foul Ball, location: 2F 0-2: DOUBLE (Line Drive, 89D, EV 103.8 MPH) William Penn scores
|
Batting: SHB Dean Barthorpe
|
0-0: Called Strike 0-1: Called Strike 0-2: Fly out, F7 (Flyball, 78M, EV 68.1 MPH)
|
Bottom of the 7th over - 4 runs, 4 hits, 0 errors, 1 left on base; Mancelona 5 - Columbia 11 |
TOP OF THE 8TH |
Mancelona Torch batting - Pitching for Columbia River Rats : RHP Micheal Smith
|
Batting: SHB César Enríques
|
0-0: Called Strike 0-1: SINGLE (Groundball, 34S, EV 84.4 MPH) (infield hit)
|
Batting: LHB Jared Schneider
|
0-0: Foul Ball, location: 2F 0-1: Fly out, F8 (Flyball, 8RM, EV 78.8 MPH)
|
Batting: RHB Tristan Powell
|
0-0: Ball 1-0: Foul Ball, location: 2F 1-1: Ball 2-1: Called Strike 2-2: Fielders Choice at 2nd, 6-4 (Groundball, 6, EV 91.2 MPH)
|
Batting: RHB Thinley Tshering
|
0-0: Ball 1-0: Ball 2-0: Ball Wild Pitch! Tristan Powell to second 3-0: Called Strike 3-1: Foul Ball, location: 2F 3-2: Strikes out swinging
|
Top of the 8th over - 0 runs, 1 hit, 0 errors, 1 left on base; Mancelona 5 - Columbia 11 |
BOTTOM OF THE 8TH |
Columbia River Rats batting - Pitching for Mancelona Torch : LHP Zedekiah Brenneman
|
Batting: RHB Tony Castellanos
|
0-0: Ball 1-0: Called Strike 1-1: Ball 2-1: Ball 3-1: Base on Balls
|
Batting: RHB Cédric Causse
|
0-0: Ball Wild Pitch! Tony Castellanos to second 1-0: Ball 2-0: Ball 3-0: Called Strike 3-1: Called Strike 3-2: DOUBLE (Line Drive, 9LS, EV 107.5 MPH) Tony Castellanos scores
|
Pinch Hitting: RHB Félix Ronchi
|
0-0: Ball 1-0: Called Strike 1-1: DOUBLE (Flyball, 89D, EV 104.4 MPH) Cédric Causse scores
|
Pitching: LHP Jian-gun Lin
|
|
Batting: LHB John Mayer
|
0-0: Ball 1-0: Ball 2-0: Foul Ball, location: 2F 2-1: Foul Ball, location: 2F 2-2: Ball 3-2: Ground out U3 (Groundball, 3, EV 101.9 MPH) Félix Ronchi to third
|
Pinch Hitting: RHB Chris Rose
|
0-0: Ball 1-0: Foul Ball, location: 2F 1-1: Ball 2-1: Hit by Pitch
|
Batting: RHB Ryan Guengerich
|
0-0: Foul Ball, location: 2F 0-1: SINGLE (Flyball, 9S, EV 88.8 MPH) Félix Ronchi scores Chris Rose to second
|
Batting: RHB William Penn
|
0-0: Swinging Strike 0-1: Called Strike 0-2: Ball 1-2: Strikes out swinging
|
Batting: LHB Ji-e Loh
|
0-0: Ball 1-0: Ball Wild Pitch! Chris Rose to third Ryan Guengerich to second 2-0: Called Strike 2-1: Foul Ball, location: 2F 2-2: Ball 3-2: Strikes out swinging
|
Bottom of the 8th over - 3 runs, 3 hits, 0 errors, 2 left on base; Mancelona 5 - Columbia 14 |
TOP OF THE 9TH |
Mancelona Torch batting - Pitching for Columbia River Rats : RHP Micheal Smith
|
Now at 3B: Min-ho Yun
|
|
Now in CF: Félix Ronchi
|
|
Batting: RHB Cam Lumsden
|
0-0: Called Strike 0-1: Ball 1-1: Swinging Strike 1-2: Foul Ball, location: 2F 1-2: Ball 2-2: SINGLE (Line Drive, 6M, EV 94.4 MPH)
|
Batting: LHB Diego Alejandro Ureña
|
0-0: Ball 1-0: Ball 2-0: SINGLE (Groundball, 4MD, EV 97.5 MPH) Cam Lumsden to second
|
Batting: SHB Silvio Capitanio
|
0-0: Called Strike 0-1: Fielders Choice at 2nd, 3-6 (Groundball, 34, EV 86.2 MPH) Cam Lumsden to third
|
Batting: RHB Juan Barrón
|
0-0: Called Strike 0-1: Called Strike 0-2: Ball 1-2: Grounds into double play, 5-4-3 (Groundball, 5L, EV 86.2 MPH)
|
Top of the 9th over - 0 runs, 2 hits, 0 errors, 1 left on base; Mancelona 5 - Columbia 14 |
|